 Dungeon Crawl Stone Soup version 0.24.0-13-gcf9b3192b9 (webtiles) character file.

Game seed: 10228163104156533301, levelgen mode: deterministic

869 Gumption the Purveyor of Pain (level 8, 0/52 HPs)
             Began as a Human Necromancer on Nov 8, 2019.
             Was an Initiate of Kikubaaqudgha.
             Slain by a bullfrog (6 damage)
             ... on level 6 of the Dungeon.
             The game lasted 00:44:06 (8744 turns).

Gumption the Purveyor of Pain (Human Necromancer)   Turns: 8744, Time: 00:44:06

Health: 0/52       AC:  7    Str: 11    XL:     8   Next: 24%
Magic:  14/14      EV: 13    Int: 17    God:    Kikubaaqudgha [......]
Gold:   256        SH:  0    Dex: 19    Spells: 7/15 levels left

rFire    . . .     SeeInvis .   a - +0 dagger
rCold    . . .     Gourm    .   (no shield)
rNeg     . . .     Faith    .   d - +1 ring mail
rPois    .         Spirit   .   (no helmet)
rElec    .         Reflect  .   r - +0 cloak
rCorr    .         Harm     .   (no gloves)
MR       .....                  (no boots)
Stlth    ++........             i - amulet of rage
HPRegen  0.17/turn              n - +3 ring of strength
MPRegen  0.14/turn              p - +4 ring of dexterity

@: no status effects
A: no striking features
a: Renounce Religion, Evoke Berserk Rage


You were on level 6 of the Dungeon.
You worshipped Kikubaaqudgha.
Kikubaaqudgha was noncommittal.
You were not hungry.

You visited 2 branches of the dungeon, and saw 7 of its levels.

You collected 256 gold pieces.

Inventory:

Hand Weapons
 a - a +0 dagger (weapon)
 v - a +0 hunting sling
 w - a +1 spear of venom
Missiles
 g - 88 stones (quivered)
 q - 29 poisoned darts
Armour
 d - a +1 ring mail (worn)
 r - a +0 cloak (worn)
Jewellery
 f - an uncursed ring of protection from cold {unknown}
 i - an amulet of rage (around neck)
 m - an uncursed amulet of the gourmand {unknown}
 n - a +3 ring of strength (left hand)
 p - a +4 ring of dexterity (right hand)
Scrolls
 k - 2 scrolls of remove curse
 o - 2 scrolls of magic mapping
 u - a scroll of enchant armour
Potions
 b - a potion of resistance
 e - a potion of heal wounds
 j - 5 potions of curing
 l - a potion of brilliance {unknown}
 s - a potion of magic {unknown}
 t - 2 potions of haste {unknown}
Comestibles
 c - 10 rations
 h - 2 chunks of flesh


   Skills:
 + Level 4.4 Dodging
 - Level 2.7 Stealth
 + Level 4.2 Spellcasting
 + Level 2.6 Charms
 * Level 6.9 Necromancy


You had 7 spell levels left.
You knew the following spells:

 Your Spells              Type           Power        Failure   Level  Hunger
a - Pain                  Necr           ####         2%          1    None
b - Animate Skeleton      Necr           N/A          2%          1    None
c - Vampiric Draining     Necr           ####......   7%          3    ###....
z - Regeneration          Chrm/Necr      ###.......   16%         3    ###....

Your spell library contained the following spells:

 Spells                   Type           Power        Failure   Level  Hunger
 Animate Dead             Necr           N/A          22%         4    ####...


Dungeon Overview and Level Annotations

Branches:
Dungeon (6/15)             Temple (1/1) D:5

Altars:
Ashenzari
Cheibriados
Dithmenos
Elyvilon
Fedhas
Gozag
Hepliaklqana
Kikubaaqudgha
Makhleb
Nemelex Xobeh
Okawaru
Qazlal
Sif Muna
Trog
Uskayaw
Vehumet
Wu Jian
Xom
Yredelemnul
Zin
The Shining One

Shops:
D:5 *   D:6 (

Annotations:
D:5 exclusion: 2 downstairs
D:6 Menkaure, Sigmund


Message History

The bullfrog hits you.
* * * LOW HITPOINT WARNING * * *
The hound barely misses you. The bullfrog barely misses you.
The jackal closely misses you. The jackal misses you.
The hound bites you but does no damage. The jackal misses you.
The hound misses you. The bullfrog hits you.
* * * LOW HITPOINT WARNING * * *
The jackal misses you. The jackal bites you.
* * * LOW HITPOINT WARNING * * *
The hound closely misses you.
The jackal bites you but does no damage.
There is a stone staircase leading down here.
The bullfrog misses you. The hound bites you but does no damage.
The bullfrog hits you.
* * * LOW HITPOINT WARNING * * *
The bullfrog closely misses you. The hound closely misses you.
The crimson imp lashes its tail.
The crimson imp blinks!
The bullfrog hits you.
You die...
Kikubaaqudgha rasps: "You have failed me!
Welcome... death!"

##.............## ##.## ..
##..........5...## ##..#
#........ยง.......##
##..##
#.................## #..##
...................# ##.##
...................####.##
...###........Z.....##..#
... ##......h......#..##
.. #......h.F@.....##
#........h.......#
##.........#######
###########


You could see a bullfrog, a hound, a crimson imp, an adder zombie and 2 jackals.

Vanquished Creatures
  2 ogres
  A centaur (D:6)
  A bullfrog (D:6)
  A centaur zombie (D:6)
  An orc priest (D:3)
  A hound (D:4)
  A bullfrog skeleton (D:6)
  3 iguanas
  Natasha (thrice) (D:4)
  2 worker ants
  A hound skeleton (D:6)
  10 adders
  A river rat (D:4)
  2 oozes
  5 worms
  4 leopard geckos
  5 orcs
  2 ball pythons (D:3)
  4 bats
  2 giant cockroaches
  7 goblins
  4 hobgoblins
  2 jackals (D:2)
  2 quokkas (D:2)
  11 frilled lizards
  A jackal skeleton (D:4)
  8 kobolds
  A leopard gecko skeleton (D:4)
  A leopard gecko zombie (D:5)
  12 rats
101 creatures vanquished.

Vanquished Creatures (collateral kills)
  A bullfrog skeleton (D:5)
  An iguana (D:4)
  2 dart slugs
  A rat (D:4)
5 creatures vanquished.

Vanquished Creatures (others)
  5 toadstools (D:1)
5 creatures vanquished.

Grand Total: 111 creatures vanquished

Notes
Turn   | Place    | Note
-------+----------+-------------------------------------------
     0 | D:1      | Gumption the Human Necromancer began the quest for the Orb.
     0 | D:1      | Reached XP level 1. HP: 13/13 MP: 3/3
     2 | D:1      | Learned a level 1 spell: Animate Skeleton
   442 | D:1      | Reached XP level 2. HP: 18/19 MP: 3/5
  1685 | D:2      | Reached XP level 3. HP: 19/24 MP: 1/6
  1833 | D:2      | Reached XP level 4. HP: 22/30 MP: 0/7
  1856 | D:2      | Learned a level 3 spell: Vampiric Draining
  1860 | D:2      | Learned a level 3 spell: Regeneration
  2591 | D:2      | Reached XP level 5. HP: 32/35 MP: 4/9
  3287 | D:3      | Reached skill level 5 in Necromancy
  3447 | D:3      | Reached XP level 6. HP: 33/41 MP: 0/10
  4007 | D:3      | Found a white marble altar of Elyvilon.
  4160 | D:4      | Noticed Natasha
  4165 | D:4      | Killed Natasha
  4388 | D:4      | Noticed Natasha
  4396 | D:4      | Killed Natasha
  4506 | D:4      | Noticed an ogre
  4507 | D:4      | Noticed Natasha
  4680 | D:4      | Noticed a moth of wrath
  4684 | D:4      | Found a bloodstained altar of Trog.
  4856 | D:4      | Reached skill level 1 in Charms
  5089 | D:4      | Killed an ogre
  5089 | D:4      | Reached skill level 6 in Necromancy
  5089 | D:4      | Reached XP level 7. HP: 43/46 MP: 6/12
  5173 | D:4      | Killed Natasha
  5895 | D:5      | Entered Level 5 of the Dungeon
  6080 | D:5      | Found Beab's Assorted Antiques.
  6497 | D:5      | Found a staircase to the Ecumenical Temple.
  6509 | Temple   | Entered the Ecumenical Temple
  6598 | Temple   | Became a worshipper of Kikubaaqudgha
  6745 | D:5      | Noticed an angel
  6802 | D:5      | Found a shimmering altar of Xom.
  6802 | D:5      | Found a glowing silver altar of Zin.
  7595 | D:6      | Noticed Menkaure
  7687 | D:6      | Reached XP level 8. HP: 15/52 MP: 10/14
  8346 | D:6      | Found an ornate altar of the Wu Jian Council.
  8346 | D:6      | Found a sparkling altar of Nemelex Xobeh.
  8377 | D:6      | Noticed Sigmund
  8398 | D:6      | Found Ruxuuste's Antique Weapon Shoppe.
  8744 | D:6      | Slain by a bullfrog

Levels and vault maps discovered:
D:1:      ldierk_walled_garden, layout_basic
D:2:      layout_rooms, lemuel_old_faithful
D:3:      layout_rooms, old_standard_altar, kennysheep_generic_room_8
D:4:      layout_loops_ring, tgw_trog, lightli_sewer_entry_pipes, uniq_natasha
D:5:      layout_layer_cave, grunt_temple_overflow_order_and_chaos_1,
          minmay_temple_entry_antechambers, first_ration, serial_shops, shop
D:6:      layout_cave_pods, gammafunk_temple_overflow_statue, serial_shops,
          shop, minmay_small_thing, uniq_sigmund, uniq_menkaure
Temple:   regret_index_temple_waves

Skill      XL: |  1  2  3  4  5  6  7 |
---------------+----------------------+-----
Dodging        | 3 4 |  4.4
Necromancy     | 5 6 |  6.9
Spellcasting   | 3 4 |  4.2
Charms         | 1 2 |  2.6
Stealth        | |  2.7

Action                   |  1- 3 |  4- 6 |  7- 9 || total
-------------------------+-------+-------+-------++-------
Melee: Dagger            |     9 |    30 |   136 ||   175
Throw: Stone             |       |     7 |     2 ||     9
 Cast: Pain              |    42 |   134 |    52 ||   228
       Animate Skeleton  |     5 |    15 |    10 ||    30
  Use: Scroll            |     3 |     2 |     6 ||    11
       Potion            |     1 |     1 |       ||     2
 Stab: Sleeping          |       |     1 |       ||     1
  Eat: Chunk             |     2 |     9 |     8 ||    19
       Ration            |       |     1 |     1 ||     2
Armor: Robe              |     8 |       |       ||     8
       Ring mail         |       |    19 |    69 ||    88
Dodge: Dodged            |    17 |    45 |   118 ||   180
